 Dungeon Crawl Stone Soup version 0.23.2-33-g5129a83184 (webtiles) character file.

Game seed: 3360889834783666538

282204 FishyPogo the Thaumaturge (level 20, -5/103 HPs)
             Began as a Tengu Summoner on Aug 11, 2019.
             Was the Champion of Hepliaklqana.
             Slain by a caustic shrike (19 damage)
             ... on level 3 of the Depths on Aug 12, 2019.
             The game lasted 10:09:54 (57570 turns).

FishyPogo the Thaumaturge (Tengu Summoner)         Turns: 57570, Time: 10:09:55

Health: -5/103     AC: 11    Str: 12    XL:     20   Next: 52%
Magic:  13/48      EV: 28    Int: 21    God:    Hepliaklqana [******]
Gold:   1189       SH: 12    Dex: 24    Spells: 24/48 levels left

rFire    + . .     SeeInvis .   a - +6 spear (elec)
rCold    + + .     Gourm    .   Q - +3 buckler {AC+3}
rNeg     + . .     Faith    .   W - +3 leather armour {rPois}
rPois    +         Spirit   .   r - +2 hat {Int+3}
rElec    +         Reflect  +   S - scarf {rC+ rF+}
rCorr    .         Harm     .   G - +2 pair of gloves
MR       +++..                  (boots unavailable)
Stlth    +++.......             f - amulet of Fun {Reflect MR+ MP+9 Str-5 Dex+6 SH+3}
HPRegen  0.27/turn              D - ring "Tasaes" {rElec rC+ rN+ MR+}
MPRegen  0.31/turn              T - ring of Qeoraof {+Fly EV+3 Str+5 Stlth+}

@: about to teleport, corroded
A: reduced essence, beak, talons 3, able to fly
}: 2/15 runes: decaying, serpentine
a: Fly, Recall Ancestor, Ancestor Identity, Transference, Idealise, Renounce
Religion, Evoke Flight


You were on level 3 of the Depths.
You worshipped Hepliaklqana.
Hepliaklqana was exalted by your worship.
You were hungry.

You visited 8 branches of the dungeon, and saw 39 of its levels.
You also visited: Ossuary and Bailey.

You collected 4176 gold pieces.
You spent 2987 gold pieces at shops.

Inventory:

Hand Weapons
 a - a +6 spear of electrocution (weapon)
Missiles
 y - 2 throwing nets (quivered)
Armour
 r - a +2 hat of intelligence (worn)
 B - a +2 ring mail of cold resistance
 G - a +2 pair of gloves (worn)
 M - a +2 cloak of magic resistance
 Q - a +3 buckler of protection (worn)
 S - a scarf of resistance (worn)
 W - a +3 leather armour of poison resistance (worn)
Jewellery
 e - an uncursed ring of see invisible
 f - the amulet of Fun (around neck) {Reflect MR+ MP+9 Str-5 Dex+6 SH+3}
   (You bought it in a shop on level 9 of the Dungeon)

   [amulet of reflection]

   It shields you and reflects attacks.
   It affects your strength (-5).
   It affects your dexterity (+6).
   It affects your resistance to hostile enchantments.
   It affects your magic capacity (+9).
   It affects your SH (+3).
 j - a +6 ring of protection
 A - the ring "Zyugotyf" {rC- rN+++ MR+ Str+6 Int+2}
   (You found it on level 13 of the Dungeon)

   [ring of strength]

   It affects your strength (+6).
   It affects your intelligence (+2).
   It makes you vulnerable to cold.
   It renders you almost immune to negative energy.
   It affects your resistance to hostile enchantments.
 D - the ring "Tasaes" (left hand) {rElec rC+ rN+ MR+}
   (You bought it in a shop on level 4 of the Vaults)

   [ring of positive energy]

   It protects you from cold.
   It insulates you from electricity.
   It protects you from negative energy.
   It affects your resistance to hostile enchantments.
 T - the ring of Qeoraof (right hand) {+Fly EV+3 Str+5 Stlth+}
   (You bought it in a shop on level 9 of the Dungeon)

   [ring of evasion]

   It affects your evasion (+3).
   It affects your strength (+5).
   It lets you fly.
   It makes you more stealthy.
Wands
 h - a wand of flame (82)
 n - a wand of acid (15)
 C - a wand of clouds (7)
 K - a wand of enslavement (7)
 P - a wand of iceblast (19)
 V - a wand of paralysis (16)
 X - a wand of digging (16)
 Y - a wand of disintegration (40)
Scrolls
 d - 8 scrolls of fog
 i - 16 scrolls of identify
 l - 19 scrolls of teleportation
 p - 7 scrolls of fear
 s - 2 scrolls of enchant weapon
 t - 6 scrolls of magic mapping
 E - 3 scrolls of brand weapon
 F - 16 scrolls of remove curse
 H - 2 scrolls of holy word
 O - 6 scrolls of enchant armour
 R - 3 scrolls of blinking
 U - a scroll of summoning
Potions
 k - 3 potions of magic
 m - 6 potions of brilliance
 o - 5 potions of might
 q - 5 potions of haste
 u - 2 potions of berserk rage
 v - 2 potions of ambrosia
 w - 4 potions of curing
 x - 4 potions of invisibility
 I - 5 potions of agility
 J - 3 potions of cancellation
Miscellaneous
 g - a phial of floods
 z - a lightning rod (4/4)
 N - a phantom mirror
Comestibles
 b - 5 chunks of flesh
 c - 59 rations


   Skills:
 - Level 9.0 Fighting
   Level 2.1 Maces & Flails
 + Level 14.1 Polearms
 - Level 9.4 Armour
 + Level 13.6 Dodging
 - Level 2.0 Stealth
 - Level 4.0 Shields
 - Level 5.0 Unarmed Combat
 + Level 14.9 Spellcasting
 - Level 2.0 Charms
 * Level 14.2 Summonings
 - Level 3.0 Necromancy
 - Level 8.1 Ice Magic
 - Level 10.0 Air Magic
 - Level 11.2 Invocations
 - Level 13.0 Evocations


You had 24 spell levels left.
You knew the following spells:

 Your Spells              Type           Power        Failure   Level  Hunger
a - Summon Guardian Gole  Hex/Summ       #####...     1%          3    None
b - Call Imp              Summ           ######..     1%          2    None
c - Summon Lightning Spi  Summ/Air       ######..     1%          4    None
d - Summon Ice Beast      Ice/Summ       ######..     1%          4    None
e - Call Canine Familiar  Summ           ######..     1%          3    None
f - Summon Small Mammal   Summ           ####         0%          1    None
g - Regeneration          Chrm/Necr      ####......   4%          3    None
h - Airstrike             Air            ######....   1%          4    None

Your spell library contained the following spells:

 Spells                   Type           Power        Failure   Level  Hunger
 Animate Skeleton         Necr           N/A          1%          1    None
 Pain                     Necr           ####         1%          1    None
 Shock                    Conj/Air       ####         1%          1    None
 Ensorcelled Hibernation  Hex/Ice        ####..       1%          2    None
 Swiftness                Chrm/Air       #####...     1%          2    None
 Recall                   Summ/Tloc      N/A          1%          3    None
 Static Discharge         Conj/Air       #####...     1%          3    None
 Apportation              Tloc           ###...       4%          1    None
 Confusing Touch          Hex            ###...       4%          1    None
 Corona                   Hex            ###....      4%          1    None
 Flame Tongue             Conj/Fire      ###..        4%          1    None
 Sandblast                Erth           ###...       4%          1    None
 Vampiric Draining        Necr           ####......   4%          3    None
 Passwall                 Tmut/Erth      ###.....     8%          2    None
 Confuse                  Hex            ###.....     14%         3    None
 Dazzling Spray           Conj/Hex       ###...       14%         3    None
 Stone Arrow              Conj/Erth      ###...       14%         3    None
 Tukima's Dance           Hex            ###.....     14%         3    None
 Animate Dead             Necr           N/A          14%         4    None
 Lightning Bolt           Conj/Air       #####.....   17%         5    ###....
 Cause Fear               Hex            ###.......   43%         4    None
 Petrify                  Tmut/Erth      ###.....     43%         4    None
 Borgnjor's Vile Clutch   Necr/Erth      ###.......   56%         5    ###....
 Simulacrum               Ice/Necr       #####.....   58%         6    #####..
 Lee's Rapid Deconstruct  Erth           ###.......   80%         5    ###....
 Death Channel            Necr           ####......   91%         6    #####..
 Bolt of Fire             Conj/Fire      ###.......   100%        6    #####..
 Dragon Form              Tmut           ###.......   100%        7    ######.
 Dragon's Call            Summ           ######....   100%        9    #######


Dungeon Overview and Level Annotations

Branches:
Dungeon (15/15)            Temple (0/1) D:7            Lair (6/6) D:8
  Swamp (4/4) Lair:4        Snake (4/4) Lair:4        Slime (0/5) Lair:6
    Orc (2/2) D:10            Elf (1/3) Orc:2        Vaults (4/5) D:14
  Crypt (0/3) Vaults:2     Depths (3/5) D:15

Altars:
Ashenzari
Cheibriados
Dithmenos
Fedhas
Gozag
Hepliaklqana
Kikubaaqudgha
Makhleb
Okawaru
Qazlal
Sif Muna
Trog
Uskayaw
Vehumet
Xom
Yredelemnul
The Shining One
Jiyva

Shops:
D:8 [   D:9 =   D:12 ?   D:14 **[[(   Orc:2 (*[?   Elf:1 %   Snake:2 *
Vaults:2 **   Vaults:4 =   Depths:2 (((=

Portals:
Hell: Depths:1 Depths:2
Ziggurat: Depths:3

Annotations:
D:6 exclusion: oklob plant
Lair:3 1 runed translucent door, Jenu's ghost, journeyman MiBe
Swamp:3 exclusion: 2 oklob plants
Vaults:2 3 runed translucent doors, exclusion: obsidian statue, Otatas's ghost, adept GrBe
Depths:2 1 runed translucent door, Cecuthen's ghost, veteran TrBe


Innate Abilities, Weirdness & Mutations

You have a beak for a mouth.
You have claws for feet.
You can fly continuously.
Your life essence is reduced to manifest your ancestor. (-10% HP)


Message History

The caustic shrike claws your lightning spire!
Your lightning spire is destroyed!
Unknown command.
Unknown command.
You block the caustic shrike's attack.
Unknown command.
Okay, then.
Okay, then.
As you read the scroll of teleportation, it crumbles to dust.
You feel strangely unstable. The caustic shrike claws you!
* * * LOW HITPOINT WARNING * * *
You are splashed with acid!
* * * LOW HITPOINT WARNING * * *
The caustic shrike completely misses you.
You feel much better. The caustic shrike claws you!
* * * LOW HITPOINT WARNING * * *
The acid corrodes you!
You are splashed with acid!
* * * LOW HITPOINT WARNING * * *
The caustic shrike claws you!!
You die...

..# ##.###.## ##.###.## ..##
#...###.###.###.#.# ...#
##R#.####.#.####.#Y## ...###
###..#..# ##.## #..#..#
....#.###.######.## #.# ##..#.Y##
....##)[)##8.#.[..# #.# #.#.#.#)#
.....##D###.)..######.###.#.#.#(#
...#.##k##.)####...##.##..#.#.#..
####..#.##.)....@#.##.##Y.#.#[#..
##.#.#########b##.##Y#########
#.##..h..D...##.##.YR.##YR.##
#..#.###.###.##.##.##.#Y##.##
##.##.#|.(#.###.####.##Y#.##.
#..#.##.##.# #.# #.Y#.##.##.
##.##.#.#.####.####R#.#.##..
#..#.###.###...###..##.##.#
##.##.#.###...).###.#.##...


You could see a caustic shrike.

Vanquished Creatures
  A sphinx (Vaults:3)
  Frances (D:14)
  4 nagarajas
  2 frost giants (Depths:3)
  2 vault wardens
  2 stone giants
  5 ironheart preservers
  2 very ugly things
  A deep elf demonologist (Vaults:3)
  A vampire knight (Depths:3)
  3 ogre magi
  5 yaktaur captains
  2 fire dragons
  A rakshasa (Depths:3)
  2 great orbs of eyes
  3 vault guards
  7 hydras
  3 ice dragons
  3 naga warriors
  12 alligators
  2 spriggan air magi (Depths:3)
  8 two-headed ogres
  A catoblepas (Lair:6)
  9 anacondas
  3 centaur warriors
  A vampire mage (Depths:1)
  A spriggan berserker (Depths:3)
  A tengu warrior (D:15)
  4 naga sharpshooters
  A deep elf knight (Elf:1)
  2 shock serpents
  A salamander mystic (Snake:4)
  A shadow wraith (Vaults:4)
  5 deep trolls
  2 skeletal warriors (Vaults:2)
  3 iron trolls
  An unseen horror (Vaults:1)
  A glowing orange brain (Vaults:3)
  A sea snake (Snake:3)
  2 spriggan druids (Swamp:3)
  2 wizards
  11 swamp dragons
  A phantasmal warrior (Depths:2)
  A harpy (shapeshifter) (Elf:1)
  4 orc knights
  3 ironbrand convokers
  4 deep elf archers
  10 ugly things
  A mana viper (Snake:2)
  3 cyclopes
  2 wolf spiders
  2 orc sorcerers (Orc:2)
  2 salamanders
  4 deep elf magi
  3 manticores
  3 vault sentinels
  11 black mambas
  8 naga magi
  A centaur skeleton (D:11)
  3 guardian serpents (Snake:4)
  5 spiny frogs
  4 komodo dragons
  3 rime drakes
  10 yaktaurs
  A freezing wraith (Vaults:3)
  A tengu conjurer (D:15)
  A meliai (shapeshifter) (Vaults:4)
  A troll (Orc:2)
  4 hornets
  7 tyrant leeches
  5 bog bodies
  6 blink frogs
  11 slime creatures
  2 hippogriffs
  A spriggan (Swamp:3)
  Sigmund (D:5)
  3 shadows
  A water elemental (Elf:1)
  2 hogs (D:12)
  2 wraiths (D:14)
  3 humans (D:14)
  7 yaks
  2 basilisks
  A golden eye (shapeshifter) (Vaults:4)
  11 vampire mosquitoes
  A warg (Orc:2)
  16 nagas
  9 swamp worms
  9 insubstantial wisps
  7 water moccasins
  3 porcupines
  10 swamp drakes
  An ice beast (D:8)
  10 orc warriors
  A sky beast (D:10)
  4 ogres
  5 centaurs
  5 crocodiles
  6 bullfrogs
  A scorpion (D:14)
  A killer bee (D:8)
  4 wights
  2 howler monkeys
  2 crimson imps
  A hound (D:9)
  A human zombie (Ossuary)
  An orc priest (Orc:2)
  Jessica (D:2)
  2 iguanas
  10 orc wizards
  2 worker ants
  A hound zombie (D:7)
  2 hound skeletons (D:11)
  A mummy (Ossuary)
  A worker ant zombie (D:10)
  3 adders
  A shadow imp (D:6)
  A white imp (Vaults:1)
  2 adder zombies
  2 dart slugs
  A leopard gecko (D:2)
  9 orcs
  4 bats
  5 giant cockroaches
  5 goblins
  2 hobgoblins
  2 jackals
  A kobold (D:2)
  4 quokkas
  2 ball pythons (D:1)
  5 frilled lizards
  5 hobgoblin zombies (Ossuary)
  3 kobold zombies (Ossuary)
  2 orc zombies (Ossuary)
  2 rats
  A briar patch (Swamp:3)
  2 fungi (Swamp:3)
470 creatures vanquished.

Vanquished Creatures (collateral kills)
  A tentacled monstrosity (Swamp:2)
  A quicksilver dragon (Depths:3)
  2 thorn hunters (Swamp:3)
  2 tengu reavers
  10 nagarajas
  A frost giant (Depths:2)
  4 fire giants
  8 vault wardens
  A spriggan defender (Depths:3)
  6 ironheart preservers
  A vampire knight (Depths:2)
  4 very ugly things
  A deep elf annihilator (Vaults:3)
  A crystal guardian (Vaults:3)
  3 ettins
  2 deep elf death magi
  6 fire dragons
  The ghost of Skippwaahh the Stormcaller, a journeyman TeAE of Vehumet (Lair:4)
  4 great orbs of eyes
  4 ogre magi
  2 yaktaur captains (Depths:3)
  13 hydras
  5 vault guards
  A rakshasa (Vaults:3)
  3 naga warriors
  3 shambling mangroves
  3 ice dragons
  5 centaur warriors
  10 anacondas
  2 hell hogs (Depths:1)
  2 deep troll earth magi
  17 two-headed ogres
  6 dancing weapons (Elf:1)
  A tengu warrior (D:15)
  2 vampire magi (Depths:3)
  7 deep troll shamans
  8 alligators
  5 naga sharpshooters
  4 shock serpents
  An orc high priest (Orc:2)
  Nergalle (Lair:3)
  An iron troll (Depths:1)
  6 deep elf knights
  3 skeletal warriors (Vaults:2)
  2 spriggan druids (Swamp:4)
  4 deep trolls
  An unseen horror (D:12)
  3 naga ritualists (Snake:4)
  A sea snake (Snake:3)
  2 flayed ghosts
  Pikel (D:9)
  6 swamp dragons
  The ghost of Thargor the Covered, a novice DDFi of Makhleb (D:7)
  8 orc knights
  6 wizards
  5 deep elf archers
  11 ironbrand convokers
  A wolf spider zombie (D:14)
  4 mana vipers (Snake:4)
  A lindwurm (Lair:6)
  3 necromancers (D:14)
  A phantasmal warrior (Depths:2)
  18 deep elf magi
  19 ugly things
  A wolf spider (Vaults:2)
  5 orc sorcerers
  5 cyclopes
  6 salamanders
  2 manticores
  A black mamba (shapeshifter) (Vaults:1)
  11 guardian serpents (Snake:4)
  28 black mambas
  7 vault sentinels
  12 naga magi
  16 spiny frogs
  A torpor snail (Lair:6)
  3 gargoyles
  2 efreet
  21 yaktaurs
  2 yaktaurs (shapeshifter)
  4 rime drakes
  A freezing wraith (Vaults:3)
  7 komodo dragons
  A tengu conjurer (D:15)
  2 polar bears
  A tyrant leech (Swamp:4)
  A meliai (shapeshifter) (Vaults:1)
  5 trolls
  A harpy skeleton (D:15)
  6 hornets
  9 dream sheep
  6 slime creatures
  10 blink frogs
  A bog body (Swamp:1)
  5 hippogriffs
  A stone giant simulacrum (Vaults:1)
  A shadow (D:12)
  4 spriggans
  4 wyverns
  4 water elementals
  A wraith (D:11)
  12 humans (D:14)
  35 yaks
  A golden eye (shapeshifter) (Depths:2)
  Grum (D:10)
  A basilisk (Lair:6)
  4 hogs (D:12)
  2 steam dragons (Lair:6)
  2 hungry ghosts
  17 vampire mosquitoes
  5 insubstantial wisps
  38 nagas
  Edmund (D:6)
  A soldier ant (D:11)
  6 acid dragons
  A warg (Orc:1)
  5 swamp worms
  18 water moccasins
  7 porcupines
  10 hell hounds (Depths:1)
  A floating eye (Depths:2)
  18 orc warriors
  3 sky beasts
  6 swamp drakes
  3 black bears
  5 phantoms
  2 ice beasts
  14 ogres
  4 slaves (D:9)
  4 eyes of draining
  3 wolves
  13 centaurs
  An elf zombie (Ossuary)
  13 crocodiles
  An earth elemental (Elf:1)
  12 bullfrogs
  2 wyvern zombies
  5 scorpions
  21 killer bees
  11 wights
  An electric eel (D:15)
  7 howler monkeys
  2 bullfrog zombies (D:5)
  5 crimson imps
  2 jellies
  5 quasits
  A human simulacrum (Vaults:2)
  3 centaur zombies
  5 hounds
  21 orc wizards
  A bullfrog skeleton (D:9)
  2 centaur skeletons
  15 orc priests
  6 iguanas
  7 worker ants
  A hell rat (Lair:6)
  A big kobold zombie (Ossuary)
  A hound skeleton (D:4)
  A mummy (Ossuary)
  8 gnolls
  11 adders
  A howler monkey skeleton (D:7)
  2 oozes (D:2)
  2 adder skeletons
  2 adder zombies (Ossuary)
  A dart slug (D:1)
  2 leopard geckos
  41 orcs
  2 ball pythons (Snake:3)
  3 bats
  2 giant cockroaches
  6 goblins
  5 hobgoblins
  4 jackals
  2 quokkas
  2 frilled lizards
  8 hobgoblin zombies (Ossuary)
  2 jackal zombies
  3 kobolds
  7 kobold zombies (Ossuary)
  2 orc zombies (Ossuary)
  2 rats
  2 rat zombies (Ossuary)
  A briar patch (Swamp:3)
  3 fungi
  9 plants
1001 creatures vanquished.

Vanquished Creatures (others)
  Kirke (D:12)
  A fire giant (Depths:3)
  A spriggan defender (Depths:2)
  A stone giant (Depths:1)
  A centaur warrior (Vaults:4)
  A two-headed ogre (Depths:1)
  3 yaktaurs
  An orc priest (Orc:1)
  An orc wizard (Orc:1)
  37 knights
  2 ancestors
  An orc (Orc:1)
  18 bushes (Depths:3)
  5 fungi
  3 plants
77 creatures vanquished.

Grand Total: 1548 creatures vanquished

Notes
Turn   | Place    | Note
-------+----------+-------------------------------------------
     0 | D:1      | FishyPogo the Tengu Summoner began the quest for the Orb.
     0 | D:1      | Reached XP level 1. HP: 10/10 MP: 4/4
   150 | D:1      | Reached skill level 5 in Summonings
   174 | D:1      | Reached XP level 2. HP: 15/15 MP: 4/6
   221 | D:1      | Learned a level 2 spell: Call Imp
   514 | D:1      | Reached skill level 1 in Armour
   656 | D:1      | Reached XP level 3. HP: 15/19 MP: 3/7
  1078 | D:2      | Noticed Jessica
  1151 | D:2      | Killed Jessica
  1151 | D:2      | Reached XP level 4. HP: 24/24 MP: 6/8
  1164 | D:2      | Found a bloodstained altar of Trog.
  1307 | D:2      | Noticed a sky beast
  1319 | D:2      | Reached skill level 1 in Unarmed Combat
  1491 | D:2      | Found a hazy altar of Hepliaklqana.
  1499 | D:2      | Became a worshipper of Hepliaklqana the Forgotten
  1587 | D:2      | Learned a level 4 spell: Summon Lightning Spire
  1754 | D:2      | Found a burning altar of Makhleb.
  1765 | D:2      | Gained mutation: You can fly continuously. [Tengu growth]
  1765 | D:2      | Reached XP level 5. HP: 20/25 MP: 3/10
  2142 | D:3      | Found a blossoming altar of Fedhas.
  2916 | D:4      | Reached * piety under Hepliaklqana
  2943 | D:4      | Reached skill level 1 in Air Magic
  3016 | D:4      | Reached XP level 6. HP: 28/28 MP: 1/11
  3091 | D:4      | Found a snail-covered altar of Cheibriados.
  3660 | D:5      | Entered Level 5 of the Dungeon
  4093 | D:5      | Noticed Sigmund
  4127 | D:5      | Killed Sigmund
  4127 | D:5      | Reached XP level 7. HP: 26/32 MP: 6/13
  4169 | D:5      | Found an opulent altar of Gozag.
  4293 | D:5      | Found a glowing golden altar of the Shining One.
  4297 | D:5      | Found a stormy altar of Qazlal.
  5062 | D:6      | Noticed Edmund
  5276 | D:2      | Reached XP level 8. HP: 36/36 MP: 4/14
  5305 | D:2      | Reached ** piety under Hepliaklqana
  5313 | D:2      | Remembered your ancestor Paladin as a knight
  5808 | D:6      | Killed Edmund
  5814 | D:6      | Learned a level 4 spell: Summon Ice Beast
  6044 | D:6      | Found a radiant altar of Vehumet.
  6045 | D:6      | Noticed an oklob plant
  6317 | D:7      | Found a hazy altar of Hepliaklqana.
  6338 | D:7      | Found a sand-covered staircase.
  6343 | Ossuary  | Entered an ossuary
  6437 | Ossuary  | Reached skill level 5 in Dodging
  6614 | D:7      | Found a staircase to the Ecumenical Temple.
  6802 | D:7      | Reached skill level 1 in Ice Magic
  6802 | D:7      | Reached skill level 5 in Air Magic
  6807 | D:7      | Found a transporter.
  6812 | D:7      | Noticed Thargor's ghost (novice DDFi)
  6825 | D:7      | Found a transporter.
  6839 | D:7      | You are sucked into a shaft!
  6905 | D:8      | Reached XP level 9. HP: 40/40 MP: 11/16
  6918 | D:8      | Found an iron altar of Okawaru.
  6923 | D:8      | Got a transparent hand axe
  6924 | D:8      | Identified the +7 hand axe of the Median {chop, +Rage} (You
                  | found it on level 8 of the Dungeon)
  6930 | D:8      | Found Gafahuup's Armour Shop.
  7239 | D:8      | Learned a level 3 spell: Call Canine Familiar
  7243 | D:8      | Learned a level 3 spell: Summon Guardian Golem
  7243 | D:8      | Bought a +1 robe of magic resistance for 165 gold pieces
  7348 | D:7      | Reached *** piety under Hepliaklqana
  7386 | D:7      | Reached skill level 5 in Unarmed Combat
  7386 | D:7      | Reached skill level 5 in Spellcasting
  7629 | D:7      | Found a basalt altar of Yredelemnul.
  7774 | D:7      | Reached skill level 1 in Shields
  7802 | D:7      | Killed Thargor's ghost
  8026 | D:8      | Found a hide-covered altar of Uskayaw.
  8092 | D:8      | Found a shattered altar of Ashenzari.
  8116 | D:8      | Noticed a two-headed ogre
  8128 | D:8      | Killed a two-headed ogre
  8128 | D:8      | Reached XP level 10. HP: 45/45 MP: 3/20
  8185 | D:8      | Found a staircase to the Lair.
  8379 | D:8      | Noticed a two-headed ogre
  8395 | D:8      | Killed a two-headed ogre
  8395 | D:8      | Reached skill level 1 in Fighting
  8395 | D:8      | Reached skill level 1 in Evocations
  8965 | D:9      | Found Diffutia's Jewellery Emporium.
  8974 | D:9      | Found a shadowy altar of Dithmenos.
  9147 | D:9      | Found a stormy altar of Qazlal.
  9323 | D:9      | You are sucked into a shaft for 2 floors!
  9338 | D:10     | Entered Level 10 of the Dungeon
  9338 | D:10     | Reached **** piety under Hepliaklqana
  9432 | D:9      | Noticed Pikel
  9447 | D:9      | Killed Pikel
 10494 | D:10     | Noticed Grum
 10510 | D:10     | Killed Grum
 10843 | D:10     | Found a staircase to the Orcish Mines.
 11451 | D:11     | Reached XP level 11. HP: 55/55 MP: 22/22
 11738 | D:11     | Reached ***** piety under Hepliaklqana
 11757 | D:11     | Reached skill level 5 in Evocations
 11761 | D:11     | Reached skill level 5 in Fighting
 11922 | D:11     | Noticed a two-headed ogre
 11929 | D:11     | Killed a two-headed ogre
 12012 | D:11     | Reached skill level 1 in Polearms
 12411 | D:11     | Reached skill level 1 in Invocations
 12742 | D:12     | Killed an unseen horror
 12833 | D:12     | Noticed a deep elf mage
 12841 | D:12     | Killed a deep elf mage
 13129 | D:12     | Noticed a two-headed ogre
 13138 | D:12     | Killed a two-headed ogre
 13183 | D:12     | Noticed a cyclops
 13196 | D:12     | Killed a cyclops
 13262 | D:12     | Noticed Kirke
 13294 | D:12     | Noticed a harpy
 13294 | D:12     | Noticed a harpy
 13298 | D:12     | Noticed a lindwurm
 13447 | D:12     | Found a deep blue altar of Sif Muna.
 13626 | D:12     | Noticed a two-headed ogre
 13636 | D:12     | Killed a two-headed ogre
 13654 | D:12     | Found Vuba's Magic Scroll Shoppe.
 13659 | D:12     | Bought a scroll of identify for 30 gold pieces
 13659 | D:12     | Bought a scroll of identify for 30 gold pieces
 13659 | D:12     | Bought a scroll of identify for 30 gold pieces
 13659 | D:12     | Bought a scroll of identify for 30 gold pieces
 13777 | D:13     | Got a transparent tin ring
 13785 | D:13     | Identified the ring "Zyugotyf" {rC- rN+++ MR+ Str+6 Int+2}
                  | (You found it on level 13 of the Dungeon)
 13843 | D:13     | Reached XP level 12. HP: 63/63 MP: 18/24
 14041 | D:13     | Learned a level 3 spell: Regeneration
 14139 | D:13     | Noticed a tengu warrior
 14256 | D:13     | Reached skill level 1 in Necromancy
 14588 | Lair:1   | Entered Level 1 of the Lair of Beasts
 14607 | Lair:1   | Reached skill level 5 in Polearms
 15540 | Lair:2   | Reached skill level 1 in Charms
 16631 | Orc:1    | Entered Level 1 of the Orcish Mines
 16686 | Orc:2    | Entered Level 2 of the Orcish Mines
 16898 | Orc:1    | Reached ****** piety under Hepliaklqana
 17031 | Orc:1    | Found a bloodstained altar of Trog.
 17038 | Orc:1    | Found a flagged portal.
 17082 | Bailey   | Entered a bailey
 17628 | Orc:2    | Found a staircase to the Elven Halls.
 17709 | Orc:2    | Noticed an orc high priest
 17710 | Orc:2    | Noticed a soul eater
 18070 | D:9      | Bought the amulet of Fun {Reflect MR+ MP+9 Str-5 Dex+6
                  | SH+3} for 542 gold pieces
 18300 | Lair:3   | Noticed Jenu's ghost (journeyman MiBe)
 18304 | Lair:3   | Found a runed translucent door.
 18504 | Lair:3   | Noticed Nergalle
 18743 | Lair:3   | Killed Nergalle
 19222 | Lair:4   | Got a warped ring mail
 19250 | Lair:4   | Identified the cursed +1 ring mail of Freedom {rElec Int+2}
                  | (You found it on level 4 of the Lair of Beasts)
 19438 | Lair:4   | Found a staircase to the Swamp.
 19451 | Lair:4   | Reached XP level 13. HP: 68/70 MP: 12/26
 19460 | Lair:4   | Found a staircase to the Snake Pit.
 19578 | D:8      | Bought a +1 cloak of magic resistance for 214 gold pieces
 20098 | Orc:2    | Found Fymnev's Weapon Emporium.
 20098 | Orc:2    | Found Eppep's Magic Scroll Shoppe.
 20098 | Orc:2    | Found Duv Myxu's Assorted Antiques.
 20101 | Orc:2    | Found Qawnio's Armour Shoppe.
 20131 | Orc:2    | Bought a scroll labeled XIJIHA DALA for 19 gold pieces
 20149 | Orc:2    | Bought a papyrus book for 285 gold pieces
 20242 | Orc:2    | Found a shimmering altar of Xom.
 21181 | Lair:4   | Found the +8 whip "Snakebite" {curare, rPois}
 21312 | Lair:4   | Found a transporter.
 21316 | Lair:4   | Found a transporter.
 21316 | Lair:4   | Noticed Skippwaahh's ghost (journeyman TeAE)
 21355 | Lair:4   | Got a brightly glowing war axe
 21356 | Lair:4   | Identified the +6 war axe of Tenacity {speed, rC+ rN+ MR+
                  | Dex-3} (You found it on level 4 of the Lair of Beasts)
 21791 | Lair:5   | Reached skill level 5 in Ice Magic
 21903 | Lair:5   | Found a shattered altar of Ashenzari.
 21928 | Lair:5   | Reached skill level 1 in Maces & Flails
 21939 | Lair:5   | Learned a level 1 spell: Sandblast
 22537 | Lair:6   | Entered Level 6 of the Lair of Beasts
 22896 | Lair:6   | Reached skill level 10 in Summonings
 23794 | Lair:6   | Reached skill level 5 in Armour
 23869 | Lair:6   | Noticed a fire dragon
 23892 | Lair:6   | Killed a fire dragon
 24586 | Lair:6   | Found a viscous altar of Jiyva.
 24586 | Lair:6   | Found a staircase to the Slime Pits.
 24609 | Lair:6   | Reached XP level 14. HP: 77/77 MP: 12/27
 24697 | Lair:6   | Learned a level 4 spell: Airstrike
 25125 | Swamp:1  | Entered Level 1 of the Swamp
 25149 | Snake:1  | Entered Level 1 of the Snake Pit
 25330 | Snake:1  | Reached skill level 5 in Invocations
 27090 | Snake:2  | Noticed a nagaraja
 27472 | Snake:2  | Found Apnyrocveg's Mayhem Merchandise.
 28463 | Snake:2  | Killed a nagaraja
 29441 | Snake:3  | Noticed a nagaraja
 29508 | Snake:3  | Killed a nagaraja
 29552 | Snake:3  | Noticed a nagaraja
 29983 | Lair:4   | Killed Skippwaahh's ghost
 29983 | Lair:4   | Reached skill level 10 in Dodging
 30247 | D:12     | Noticed a sphinx
 30259 | D:12     | Killed Kirke
 30707 | D:14     | Found Ciurino's Antique Armour Shop.
 30711 | D:14     | Bought an ichor-stained leather armour for 140 gold pieces
 30721 | D:14     | Identified the +1 leather armour "Hittel" {Int+2 Dex+2}
                  | (You bought it in a shop on level 14 of the Dungeon)
 30800 | D:14     | Found Ufonai's Assorted Antiques.
 30857 | D:14     | Found Nunk's Assorted Antiques.
 31122 | D:14     | Reached XP level 15. HP: 81/81 MP: 29/29
 31184 | D:14     | Found a gate to the Vaults.
 31471 | D:14     | Found Muemuew's Armour Emporium.
 31755 | D:14     | Reached skill level 10 in Spellcasting
 32437 | D:14     | Found Foisuh's Weapon Boutique.
 32480 | D:14     | Noticed Frances
 32599 | D:14     | Killed Frances
 32618 | D:15     | Entered Level 15 of the Dungeon
 33722 | D:15     | Reached skill level 10 in Polearms
 33754 | D:15     | Found a staircase to the Depths.
 34527 | Snake:4  | Entered Level 4 of the Snake Pit
 34669 | Snake:3  | Killed a nagaraja
 35347 | Snake:4  | Noticed a nagaraja
 35374 | Snake:4  | Killed a nagaraja
 35646 | Snake:4  | Got a bloodstained glaive
 35652 | Snake:4  | Identified the +1 glaive of the Realm of Zot {drain, *Drain
                  | rN+ Str+2 Int+2} (You acquired it on level 4 of the Snake
                  | Pit)
 35733 | Snake:4  | Reached XP level 16. HP: 80/86 MP: 24/32
 35733 | Snake:4  | Noticed a nagaraja
 35746 | Snake:4  | Killed a nagaraja
 37002 | Snake:4  | Noticed a nagaraja
 37010 | Snake:4  | Noticed a nagaraja
 37012 | Snake:4  | Killed a nagaraja
 37298 | Snake:4  | Killed a nagaraja
 37384 | Snake:4  | Noticed a nagaraja
 37400 | Snake:4  | Killed a nagaraja
 37400 | Snake:4  | Reached skill level 10 in Evocations
 37683 | Snake:4  | Noticed a nagaraja
 37699 | Snake:4  | Killed a nagaraja
 37754 | Snake:4  | Noticed a nagaraja
 37831 | Snake:4  | Noticed a nagaraja
 37832 | Snake:4  | Noticed a nagaraja
 37833 | Snake:4  | Killed a nagaraja
 38009 | Snake:4  | Killed a nagaraja
 38029 | Snake:4  | Killed a nagaraja
 38065 | Snake:4  | Noticed a nagaraja
 38072 | Snake:4  | Noticed a nagaraja
 38073 | Snake:4  | Killed a nagaraja
 38083 | Snake:4  | Killed a nagaraja
 38620 | Snake:4  | Got a serpentine rune of Zot
 38843 | D:9      | Bought the ring of Qeoraof {+Fly EV+3 Str+5 Stlth+} for 477
                  | gold pieces
 39567 | Swamp:1  | Reached XP level 17. HP: 90/90 MP: 34/34
 40150 | Swamp:2  | Noticed a tentacled monstrosity
 40185 | Swamp:2  | Killed a tentacled monstrosity
 40496 | Swamp:2  | Found an ancient bone altar of Kikubaaqudgha.
 42201 | Swamp:4  | Entered Level 4 of the Swamp
 43614 | Swamp:4  | Got a decaying rune of Zot
 44134 | Vaults:1 | Entered Level 1 of the Vaults
 44299 | Vaults:1 | Reached XP level 18. HP: 94/94 MP: 36/36
 46593 | Vaults:2 | Found a staircase to the Crypt.
 46593 | Vaults:2 | Found a basalt altar of Yredelemnul.
 46594 | Vaults:2 | Found an ancient bone altar of Kikubaaqudgha.
 47021 | Vaults:2 | Reached skill level 10 in Invocations
 47141 | Vaults:2 | Found a runed translucent gate.
 47141 | Vaults:2 | Found a runed translucent gate.
 47141 | Vaults:2 | Found a runed translucent gate.
 47142 | Vaults:2 | Found an opulent altar of Gozag.
 47143 | Vaults:2 | Found Xounwef's Assorted Antiques.
 47143 | Vaults:2 | Noticed Otatas's ghost (adept GrBe)
 48006 | Vaults:2 | Found Sioleugenk's Assorted Antiques.
 49210 | Vaults:3 | Reached XP level 19. HP: 78/99 MP: 7/38
 51134 | Vaults:4 | Found Lehiqup's Jewellery Emporium.
 52412 | Depths:1 | Entered Level 1 of the Depths
 52775 | Vaults:4 | Bought the ring "Tasaes" {rElec rC+ rN+ MR+} for 1025 gold
                  | pieces
 53204 | Elf:1    | Entered Level 1 of the Elven Halls
 53294 | Elf:1    | Found Zadash's Food Boutique.
 55143 | Depths:1 | Reached XP level 20. HP: 81/103 MP: 8/39
 55250 | Depths:1 | Found a gateway to Hell.
 55824 | Depths:2 | Found a runed translucent door.
 55824 | Depths:2 | Found a shimmering altar of Xom.
 55824 | Depths:2 | Noticed Cecuthen's ghost (veteran TrBe)
 55825 | Depths:2 | Found the +18 shield of the Gong {rElec rN+ MR+ EV-5}
 55836 | Depths:2 | Paralysed by a floating eye for 3 turns
 56297 | Depths:2 | Got a transparent turquoise ring
 56299 | Depths:2 | Identified the ring of Ewkoam {rN+ Int+4} (You found it on
                  | level 2 of the Depths)
 56424 | Depths:2 | Got a coiled wooden ring
 56426 | Depths:2 | Identified the ring "Lire" {rC+ MR+ Dex+3} (You found it on
                  | level 2 of the Depths)
 56444 | Depths:2 | Found Riryzus's Jewellery Shoppe.
 56446 | Depths:2 | Found Saoddaji's Weapon Shoppe.
 56446 | Depths:2 | Found Axacugh's Weapon Emporium.
 56449 | Depths:2 | Found Fotueb's Antique Weapon Emporium.
 56756 | Depths:3 | Found a gateway to a ziggurat.
 57084 | Depths:3 | Reached skill level 10 in Air Magic
 57359 | Depths:3 | Identified the ring "Azefem" {rPois Int+4 Dex+2}
 57521 | Depths:3 | Noticed a caustic shrike
 57550 | Depths:3 | Noticed a golden dragon
 57570 | Depths:3 | Slain by a caustic shrike

Skill      XL: |  1  2  3  4  5  6  7  8  9 10 11 12 13 14 15 16 17 18 19 20 |
---------------+-------------------------------------------------------------+-----
Summonings     | 5 6 7 8 9 10 11 13 14 | 14.2
Armour         | 1 5 6 8 9 |  9.4
Unarmed Combat | 1 2 3 4 5 |  5.0
Dodging        | 3 4 5 6 7 8 9 10 12 13 | 13.6
Air Magic      | 1 2 3 5 6 7 9 10 | 10.0
Spellcasting   | 3 4 6 7 8 9 11 12 13 14 | 14.9
Ice Magic      | 1 4 5 6 7 8 |  8.1
Shields        | 3 4 |  4.0
Fighting       | 4 6 8 9 |  9.0
Evocations     | 4 6 7 8 9 10 11 12 13 | 13.0
Polearms       | 4 6 7 9 10 11 12 13 14 | 14.1
Invocations    | 2 3 4 6 7 8 9 10 11 | 11.2
Necromancy     | 3 |  3.0
Charms         | 2 |  2.0
Maces & Flails | 2 |  2.1
Stealth        | |  2.0

Action                   |  1- 3 |  4- 6 |  7- 9 | 10-12 | 13-15 | 16-18 | 19-21 || total
-------------------------+-------+-------+-------+-------+-------+-------+-------++-------
Melee: Short sword       |    46 |    24 |       |       |       |       |       ||    70
       Kick              |     7 |     8 |     8 |    29 |    54 |   240 |    62 ||   408
       Peck              |     6 |     7 |     8 |    16 |    27 |   155 |    32 ||   251
       Spear             |       |    28 |       |   189 |   614 |  1231 |   505 ||  2567
       Glaive            |       |    16 |   137 |   147 |       |       |       ||   300
       Hand axe          |       |     4 |     5 |     4 |       |       |       ||    13
       Punch             |       |       |       |       |       |     1 |       ||     1
Throw: Stone             |       |    14 |     5 |     6 |    12 |     1 |       ||    38
       Throwing net      |       |       |       |       |       |     1 |       ||     1
 Cast: Summon Small Mamm |    24 |    18 |     6 |       |       |       |       ||    48
       Call Imp          |    20 |    66 |    88 |    88 |    30 |     4 |     5 ||   301
       Summon Lightning  |       |       |    13 |   106 |   165 |   138 |   118 ||   540
       Summon Ice Beast  |       |       |    12 |   129 |   250 |   276 |   165 ||   832
       Call Canine Famil |       |       |     7 |    90 |    76 |    37 |    14 ||   224
       Summon Guardian G |       |       |     2 |     3 |     7 |     2 |    15 ||    29
       Regeneration      |       |       |       |     2 |     1 |       |     3 ||     6
Invok: Ancestor Identity |       |     1 |     1 |       |       |       |       ||     2
       Recall Ancestor   |       |     4 |     9 |    18 |    25 |    24 |    17 ||    97
       Ancestor Life: Kn |       |       |     1 |       |       |       |       ||     1
       Idealise          |       |       |       |       |     1 |     2 |     3 ||     6
 Abil: Fly               |       |     1 |       |       |     2 |       |     1 ||     4
       Stop Flying       |       |       |       |       |     2 |       |     2 ||     4
Evoke: Phial of floods   |       |       |       |     1 |       |       |       ||     1
       Wand              |       |       |       |       |     5 |       |       ||     5
       Sack of spiders   |       |       |       |       |     1 |       |       ||     1
  Use: Scroll            |       |       |    14 |    20 |    15 |     6 |     9 ||    64
       Potion            |       |       |     1 |     3 |    10 |     4 |     2 ||    20
 Stab: Sleeping          |     8 |     9 |     5 |     5 |     3 |    13 |     1 ||    44
       Distracted        |       |     1 |     3 |    14 |    34 |    35 |    28 ||   115
       Confused          |       |       |       |     1 |       |       |       ||     1
       Fleeing           |       |       |       |       |     2 |       |       ||     2
  Eat: Chunk             |     2 |    12 |    14 |    61 |    53 |    37 |    19 ||   198
       Ration            |       |       |     2 |     1 |     5 |     1 |     2 ||    11
Armor: Robe              |    12 |    22 |    35 |    42 |       |       |       ||   111
       Ring mail         |       |       |       |     5 |    36 |    29 |       ||    70
       Leather armour    |       |       |       |       |    23 |    80 |    26 ||   129
Dodge: Dodged            |    33 |    54 |   108 |   184 |   201 |   531 |   125 ||  1236
Block: Shield            |       |       |       |     1 |       |       |       ||     1
       Buckler           |       |       |       |    25 |   128 |   219 |    71 ||   443
       Reflection        |       |       |       |       |    15 |    23 |    15 ||    53
       Other             |       |       |       |       |     1 |    17 |       ||    18
